 Dungeon Crawl Stone Soup version 0.19.0-20-gbc5f0c6 (webtiles) character file.

14800 Ladykiller69 the Grappler (level 11, -1/101 HPs)
             Began as a Troll Fighter on Nov 17, 2016.
             Was the Champion of Okawaru.
             Killed from afar by an electric eel (16 damage)
             ... with a bolt of electricity
             ... on level 4 of the Lair of Beasts.
             The game lasted 00:46:36 (8049 turns).

Ladykiller69 the Grappler (Troll Fighter)           Turns: 8049, Time: 00:46:37

Health: -1/101     AC: 11    Str: 28    XL:     11   Next: 93%
Magic:  12/12      EV: 11    Int:  4    God:    Okawaru [******]
Gold:   779        SH: 12    Dex: 12    Spells: 0 memorised, 10 levels left

rFire  . . .     SeeInvis .       - Unarmed
rCold  . . .     Gourm    +     a - +0 troll leather armour
rNeg   . . .     Faith    +     b - +0 shield
rPois  .         Spirit   .     B - +0 hat of the Jolly Beds {Str+2}
rElec  .         Reflect  .     G - +0 cloak
rCorr  .         Harm     .     (gloves unavailable)
MR     +....                    (boots unavailable)
Stlth  +.........               t - amulet of faith
                                K - ring of protection from magic
                                r - +3 ring of protection

@: lethally poisoned (-1 -> -1), frozen, very slow
A: unfitting armour, claws 3, fast metabolism 3, gourmand, regeneration 1,
shaggy fur 1, tough skin 2
a: Heroism, Finesse, Renounce Religion


You were on level 4 of the Lair of Beasts.
You worshipped Okawaru.
Okawaru was exalted by your worship.
You were completely stuffed.

You visited 2 branches of the dungeon, and saw 12 of its levels.
You also visited: Labyrinth and Bailey.

You collected 779 gold pieces.

Inventory:

Hand Weapons
 z - a +1 flail of venom
 H - the cursed +3 glaive of the Shining Light {antimagic, rElec, unknown}
   (You found it on level 5 of the Dungeon)

   It reduces the magical energy of the wielder, and disrupts the spells and
   magical abilities of those hit.
   Natural abilities and divine invocations are not affected.
   It insulates you from electricity.
   It has a curse placed upon it.
Missiles
 i - 346 stones (quivered)
 y - 5 javelins
 F - 2 large rocks
 N - 4 tomahawks
 P - a throwing net
Armour
 a - a +0 troll leather armour (worn)
 b - a +0 shield (worn)
 B - the +0 hat of the Jolly Beds (worn) {Str+2}
   (You acquired it in a labyrinth)

   It affects your strength (+2).
 G - a +0 cloak (worn)
 O - a +1 robe of resistance
 R - a +1 hat
Jewellery
 r - a +3 ring of protection (left claw)
 t - an amulet of faith (around neck)
 E - an uncursed ring of flight
 K - a ring of protection from magic (right claw)
 U - an uncursed amulet of regeneration {unknown}
 W - an uncursed ring of protection from fire
Wands
 u - a wand of polymorph (19/24)
 v - a wand of iceblast (5/15)
 J - a wand of random effects (14/48)
 X - a wand of flame (11/48)
Scrolls
 h - 2 scrolls of magic mapping
 k - 3 scrolls of blinking
 q - a scroll of identify
 x - a scroll of teleportation
Potions
 c - 3 potions of might
 e - a potion of mutation
 f - a potion of degeneration
 l - 2 potions of agility
 n - 6 potions of curing
 p - 2 potions of haste
 s - 2 potions of flight
 w - 3 potions of invisibility
 C - a potion of resistance {unknown}
 I - 3 potions of brilliance
 Q - a potion of ambrosia
 S - 2 potions of heal wounds
 Z - a potion of magic {unknown}
Books
 o - a book of Cantrips

   Spells                             Type                      Level
   a - Confusing Touch                Hexes                        1
   b - Animate Skeleton               Necromancy                   1
   c - Summon Small Mammal            Summoning                    1
   d - Apportation                    Translocation                1
 D - a Young Poisoner's Handbook

   Spells                             Type                      Level
   a - Sting                          Conjuration/Poison           1
   b - Mephitic Cloud                 Conjuration/Poison/Air       3
   c - Olgreb's Toxic Radiance        Poison                       4
   d - Alistair's Intoxication        Transmutation/Poison         5
   e - Venom Bolt                     Conjuration/Poison           5
 M - a book of Minor Magic

   Spells                             Type                      Level
   a - Magic Dart                     Conjuration                  1
   b - Blink                          Translocation                2
   c - Call Imp                       Summoning                    2
   d - Repel Missiles                 Charms/Air                   2
   e - Slow                           Hexes                        2
   f - Conjure Flame                  Conjuration/Fire             3
   g - Mephitic Cloud                 Conjuration/Poison/Air       3
 V - a book of the Tempests

   Spells                             Type                      Level
   a - Static Discharge               Conjuration/Air              3
   b - Lightning Bolt                 Conjuration/Air              5
   c - Fireball                       Conjuration/Fire             5
   d - Tornado                        Air                          9
   e - Shatter                        Earth                        9
Miscellaneous
 Y - a lamp of fire
Comestibles
 d - 11 bread rations
 g - 8 meat rations
 j - 19 fruits
 m - 3 beef jerkies
 A - 3 chunks of flesh


   Skills:
 + Level 4.7 Fighting
 + Level 3.2 Armour
 + Level 4.9 Dodging
 - Level 9.6 Shields
 * Level 13.0 Unarmed Combat
 + Level 3.9 Invocations


You had 10 spell levels left.
You didn't know any spells.

Dungeon Overview and Level Annotations

Branches:
Dungeon (8/15)             Temple (0/1) D:4            Lair (4/6) D:8
  Swamp (0/4) Lair:2       Spider (0/4) Lair:2

Altars:
Dithmenos
Fedhas
Gozag
Makhleb
Okawaru
Ru
Xom
Yredelemnul
Beogh

Annotations:
D:2 exclusion: oklob plant


Innate Abilities, Weirdness & Mutations

You are too large for most types of armour.
You have claws for hands.
Your metabolism is lightning-fast.
You like to eat raw meat.
Your natural rate of healing is unusually fast.
You are covered in fur. (AC +1)
You have very tough skin. (AC +2)


Message History

Found two stone staircases leading down.
A rime drake comes into view.
You feel sick.
The rime drake hisses angrily.
You scratch the rime drake but do no damage.
You feel sick. You block the rime drake's attack.
You mangle the rime drake!!
The rime drake is almost dead.
The rime drake breathes ice at you. The flash freeze hits you!
* * * LOW HITPOINT WARNING * * *
You are encased in ice.
You claw the rime drake!
You kill the rime drake!
Okawaru accepts your kill.
Your Unarmed Combat skill increases to level 13!
An electric eel comes into view.
The electric eel shoots out a bolt of lightning at you!
The bolt of electricity hits you!
You die...

#.#...........;≈≈
P.....#........≈≈≈
........$..>....≈≈≈
....>...........≈≈≈≈
................≈≈≈#
..................≈#
.................≈#
.......@..........#
...#.#.#..........#
###..........#
#..........#
##..........#
#...........#
##..........#
#P..........#
#......<....#


You could see an electric eel.

Vanquished Creatures
  Gastronok (D:8)
  A minotaur (Lab)
  The ghost of smedtjen the Firebug, a novice DgFE (D:8)
  A black mamba (Lair:1)
  Maurice (D:8)
  2 spiny frogs
  A rime drake (Lair:4)
  A komodo dragon (Lair:1)
  A queen bee (Lair:3)
  10 blink frogs
  A polar bear (Lair:3)
  A hippogriff (Lair:1)
  4 redbacks (Lair:2)
  3 yaks (Lair:1)
  A wyvern (Lair:3)
  2 basilisks
  Menkaure (D:6)
  Grum (D:8)
  Edmund (D:5)
  3 water moccasins
  Duvessa (D:5)
  4 porcupines
  A black bear (D:6)
  9 orc warriors
  4 ogres (D:7)
  A phantom (D:7)
  2 centaurs
  5 wolves
  5 crocodiles
  The ghost of dscm the Magician, an amateur OpTm (D:4)
  10 bullfrogs
  A scorpion (D:3)
  Dowan (D:5)
  20 killer bees (Lair:3)
  A howler monkey (D:8)
  4 crimson imps
  A bullfrog zombie (D:5)
  3 hounds
  3 jellies
  A gnoll shaman (D:7)
  3 orc priests
  A bullfrog skeleton (D:5)
  Terence (D:3)
  7 orc wizards
  8 worker ants
  A worker ant zombie (D:5)
  14 gnolls
  8 adders
  3 river rats (D:8)
  2 oozes
  An adder zombie (D:5)
  2 adder skeletons (D:4)
  3 worms
  3 dart slugs
  5 leopard geckos
  52 orcs
  3 ball pythons (D:1)
  4 giant cockroaches
  8 goblins
  8 hobgoblins
  7 jackals
  6 kobolds
  2 quokkas
  A ball python skeleton (D:4)
  13 bats
  3 frilled lizards
  A quokka skeleton (D:4)
  22 rats
308 creatures vanquished.

Notes
Turn   | Place    | Note
-------+----------+-------------------------------------------
     0 | D:1      | Ladykiller69 the Troll Fighter began the quest for the Orb.
     0 | D:1      | Reached XP level 1. HP: 22/22 MP: 0/0
   158 | D:1      | Reached XP level 2. HP: 29/29 MP: 1/1
   680 | D:2      | Reached XP level 3. HP: 36/36 MP: 2/2
   842 | D:2      | Found a shadowy altar of Dithmenos.
   860 | D:2      | Reached skill level 3 in Unarmed Combat
  1049 | D:2      | Reached XP level 4. HP: 44/44 MP: 3/3
  1106 | D:2      | Found a blossoming altar of Fedhas.
  1133 | D:2      | Noticed an oklob plant
  1405 | D:3      | Noticed Terence
  1416 | D:3      | Killed Terence
  1504 | D:3      | Reached XP level 5. HP: 53/53 MP: 4/4
  1538 | D:3      | Found an iron altar of Okawaru.
  1606 | D:3      | Became a worshipper of Warmaster Okawaru
  2148 | D:3      | Found a shimmering altar of Xom.
  2150 | D:3      | Reached skill level 4 in Unarmed Combat
  2172 | D:3      | Reached XP level 6. HP: 61/61 MP: 5/5
  2292 | D:4      | Found a staircase to the Ecumenical Temple.
  2302 | D:4      | Noticed dscm's ghost (amateur OpTm)
  2316 | D:4      | Killed dscm's ghost
  2316 | D:4      | Reached * piety under Okawaru
  2316 | D:4      | Reached skill level 5 in Unarmed Combat
  2356 | D:4      | You fall through a shaft for 3 floors!
  2364 | D:6      | Noticed an orc warrior
  2407 | D:6      | Found a burning altar of Makhleb.
  2519 | D:5      | Entered Level 5 of the Dungeon
  2638 | D:5      | Reached XP level 7. HP: 59/67 MP: 6/6
  2945 | D:4      | Reached skill level 6 in Unarmed Combat
  3268 | D:5      | Found a runed door.
  3320 | D:5      | Reached ** piety under Okawaru
  3325 | D:5      | Reached skill level 5 in Shields
  3405 | D:5      | Noticed Duvessa
  3406 | D:5      | Noticed Dowan
  3527 | D:5      | Reached skill level 7 in Unarmed Combat
  3527 | D:5      | Reached XP level 8. HP: 49/75 MP: 7/7
  3601 | D:5      | Found a roughly hewn altar of Beogh.
  3620 | D:5      | Got a translucent glaive
  3795 | D:5      | Killed Dowan
  3817 | D:5      | Killed Duvessa
  3979 | D:5      | Noticed Edmund
  3995 | D:5      | Killed Edmund
  4081 | D:6      | Reached skill level 8 in Unarmed Combat
  4110 | D:6      | Noticed Menkaure
  4120 | D:6      | Killed Menkaure
  4120 | D:6      | Reached *** piety under Okawaru
  4165 | D:6      | Reached XP level 9. HP: 66/81 MP: 8/8
  4551 | D:7      | Reached skill level 9 in Unarmed Combat
  4767 | D:7      | Found a sacrificial altar of Ru.
  4818 | D:7      | Reached **** piety under Okawaru
  4998 | D:7      | Found an opulent altar of Gozag.
  5001 | D:7      | Found a basalt altar of Yredelemnul.
  5196 | D:8      | Noticed Gastronok
  5216 | D:8      | Killed Gastronok
  5216 | D:8      | Reached ***** piety under Okawaru
  5216 | D:8      | Reached skill level 10 in Unarmed Combat
  5216 | D:8      | Reached XP level 10. HP: 8/91 MP: 7/9
  5228 | D:8      | Found a basalt altar of Yredelemnul.
  5233 | D:8      | Noticed Maurice
  5233 | D:8      | Noticed smedtjen's ghost (novice DgFE)
  5471 | D:8      | Killed Maurice
  5471 | D:8      | Reached skill level 11 in Unarmed Combat
  5509 | D:8      | Noticed Grum
  5527 | D:8      | Killed Grum
  5543 | D:8      | Killed smedtjen's ghost
  5564 | D:8      | Found a flagged portal.
  5578 | Bailey   | Entered a bailey
  5711 | Bailey   | HP: 3/91 [orc warrior/halberd (16)]
  5935 | D:8      | Found a staircase to the Lair.
  5951 | Lair:1   | Entered Level 1 of the Lair of Beasts
  5951 | Lair:1   | Noticed a black mamba
  5997 | Lair:1   | Reached skill level 1 in Invocations
  6016 | Lair:1   | Received a gift from Okawaru
  6017 | Lair:1   | Got a warped robe {god gift}
  6028 | Lair:1   | Identified the +1 robe "Radoruqogh" {rC+} (Okawaru gifted it to you on level 1 of the Lair of Beasts)
  6066 | Lair:1   | Found a labyrinth entrance.
  6075 | Lab      | Entered a labyrinth
  6183 | Lab      | Noticed a minotaur
  6190 | Lab      | Killed a minotaur
  6190 | Lab      | Reached XP level 11. HP: 97/97 MP: 8/11
  6199 | Lab      | Identified a scroll of acquirement
  6200 | Lab      | Got a jewelled hat
  6211 | Lab      | Identified the +0 hat of the Jolly Beds {Str+2} (You acquired it in a labyrinth)
  6304 | Lair:1   | Reached skill level 1 in Armour
  6384 | Lair:1   | Reached skill level 12 in Unarmed Combat
  6816 | Lair:2   | Found a staircase to the Swamp.
  7025 | Lair:2   | Found a hole to the Spider Nest.
  7748 | Lair:3   | Reached ****** piety under Okawaru
  7985 | Lair:3   | Received a gift from Okawaru
  8048 | Lair:4   | Reached skill level 13 in Unarmed Combat
  8049 | Lair:4   | Killed from afar by an electric eel

Skill      XL: |  1  2  3  4  5  6  7  8  9 10 11 |
---------------+----------------------------------+-----
Unarmed Combat | 3 4 5 7 8 10 11 13 | 13.0
Fighting       | 3 4 |  4.7
Dodging        | 3 4 |  4.9
Shields        | 3 4 5 6 9 |  9.6
Invocations    | 2 3 |  3.9
Armour         | 3 |  3.2

Action                   |  1- 3 |  4- 6 |  7- 9 | 10-12 || total
-------------------------+-------+-------+-------+-------++-------
Melee: Unarmed           |    80 |   170 |   430 |   597 ||  1277
Invok: Heroism           |       |       |     4 |     5 ||     9
  Use: Scroll            |       |       |     7 |    22 ||    29
       Potion            |       |       |     1 |       ||     1
 Stab: Sleeping          |       |       |       |     1 ||     1
  Eat: Chunk             |    15 |    10 |    28 |    27 ||    80
Armor: Robe              |    26 |    67 |   105 |   115 ||   313
       Troll leather arm |       |       |       |    72 ||    72
Dodge: Dodged            |    21 |    41 |   118 |   313 ||   493
Block: Shield            |    30 |    67 |   194 |   439 ||   730
